 Dungeon Crawl Stone Soup version 0.30.1-11-g7821555f0a (webtiles) character file.

Game seed: 18389399902280026260

1833 Pjbond the Grappler (level 9, -10/74 HPs)
             Began as a Ghoul Monk on Nov 24, 2023.
             Was an Elder of Uskayaw.
             Mangled by Duvessa
             ... wielding a +0 short sword
              (12 damage)
             ... on level 7 of the Dungeon.
             The game lasted 00:14:35 (5921 turns).

Pjbond the Grappler (Ghoul Monk)                    Turns: 5921, Time: 00:14:35

Health: -10/74     AC:  3    Str: 17    XL:     9   Next: 11%
Magic:  8/8        EV: 14    Int:  5    God:    Uskayaw [****..]
Gold:   480        SH:  0    Dex: 13    Spells: 8/8 levels left

rFire   + .          .
                       - Unarmed
rCold   + + +        c - orb {light}
rNeg    + + +        a - +0 robe
rPois   ∞            o - +0 helmet
rElec   .            l - scarf {rC+ rF+}
rCorr   .            (no gloves)
SInv    .            (no boots)
Will    .....        e - amulet of faith
Stlth   +            m - ring of flight
HPRegen 0.00/turn    y - ring of protection from cold
MPRegen 0.11/turn

%: faith
@: flying, inhibited regen, glowing
A: claws 1, cold resistance 1, negative energy resistance 3, inhibited
regeneration, torment resistance 2, devour on kill
a: Renounce Religion, Stomp, Line Pass


You were on level 7 of the Dungeon.
You worshipped Uskayaw.
Uskayaw was noncommittal.
You visited 1 branch of the dungeon, and saw 7 of its levels.

You collected 480 gold pieces.

Inventory:

Armour
 a - a +0 robe (worn)
 c - an orb of light (worn)
 l - a scarf of resistance (worn)
 o - a +0 helmet (worn)
 r - a +0 cloak
Jewellery
 e - an amulet of faith (around neck)
 m - a ring of flight (left claw)
 v - a +6 ring of intelligence
 y - a ring of protection from cold (right claw)
 z - a ring of ice
Wands
 s - a wand of roots (10)
 A - a wand of flame (13)
 E - a wand of mindburst (14)
 G - a wand of paralysis (6)
 I - a wand of acid (12)
Scrolls
 d - 3 scrolls of enchant weapon
 i - a scroll of enchant armour {unknown}
 n - 2 scrolls of amnesia {unknown}
 t - a scroll of identify {unknown}
 x - 3 scrolls of fog {unknown}
 B - a scroll of fear {unknown}
 C - a scroll of teleportation
 D - a scroll of brand weapon {unknown}
 F - a scroll of silence {unknown}
 H - a scroll of poison {unknown}
Potions
 b - a potion of ambrosia
 f - 2 potions of attraction {unknown}
 g - a potion of cancellation {unknown}
 h - a potion of magic {unknown}
 j - 2 potions of flight {unknown}
 k - a potion of degeneration {unknown}
 p - a potion of haste {unknown}
 q - 5 potions of might {unknown}
 u - a potion of heal wounds {unknown}
 w - 2 potions of brilliance {unknown}


   Skills:
 + Level 5.3 Fighting
 + Level 5.3 Dodging
 + Level 3.7 Stealth
 + Level 10.3 Unarmed Combat


You had 8 spell levels left.
You didn't know any spells.
Your spell library contained the following spells:

 Spells                   Type           Power      Damage    Failure   Level
 Kiss of Death            Conj/Necr      0%         2d5       47%         1
 Necrotise                Necr           0%         1d4       47%         1
 Sandblast                Erth           0%         2d4       47%         1
 Cigotuvi's Dreadful Rot  Necr/Pois/Air  0%         N/A       63%         2
 Passwall                 Tmut/Erth      0%         N/A       63%         2
 Poisonous Vapours        Pois/Air       0%         N/A       63%         2
 Call Canine Familiar     Summ           0%         N/A       85%         3
 Confusing Touch          Hex            0%         N/A       85%         3
 Dazzling Flash           Conj/Hex       0%         N/A       85%         3
 Ignite Poison            Fire/Tmut/Pois 0%         N/A       85%         3
 Mephitic Cloud           Conj/Pois/Air  0%         N/A       85%         3
 Portal Projectile        Hex/Tloc       0%         N/A       85%         3
 Stone Arrow              Conj/Erth      0%         3d7       85%         3
 Vampiric Draining        Necr           0%         2d6       85%         3
 Volatile Blastmotes      Fire/Tloc      0%         2d10      85%         3
 Dispel Undead            Necr           0%         3d6       99%         4
 Iskenderun's Mystic Bla  Conj/Tloc      0%         2d3       99%         4
 Leda's Liquefaction      Hex/Erth       0%         N/A       99%         4
 Agony                    Necr           0%         N/A       100%        5
 Freezing Cloud           Conj/Ice/Air   0%         6-21      100%        5
 Starburst                Conj/Fire      0%         6d3       100%        6


Dungeon Overview and Level Annotations

Branches:
Dungeon (7/15)             Temple (0/1) D:4

Altars:
Cheibriados
Uskayaw
Vehumet
Xom

Annotations:
D:7 Duvessa


Innate Abilities, Weirdness & Mutations

You are immune to poison.
You have sharp fingernails.
Your flesh is cold resistant. (rC+)
You are immune to negative energy. (rN+++)
You do not regenerate when monsters are visible.
You are immune to unholy pain and torment.
You thrive by killing the living.


Message History

You claw Duvessa!
Duvessa is moderately wounded.
Duvessa misses you.
Uskayaw will force your foes to helplessly watch your dance.
Uskayaw prepares the audience for your solo!
The helpless Duvessa fails to defend herself.
You mangle Duvessa!!
Duvessa is heavily wounded.
Duvessa is no longer paralysed.
Duvessa closely misses you.
You scratch Duvessa but do no damage.
Duvessa is heavily wounded.
Duvessa barely misses you. Duvessa hits you with a +0 short sword!
You scratch Duvessa.
Duvessa is severely wounded.
Duvessa barely misses you.
You scratch Duvessa.
Duvessa is severely wounded.
Duvessa misses you.
Uskayaw will force your foes to share their pain.
You scratch Duvessa but do no damage.
Duvessa is severely wounded.
Duvessa hits you with a +0 short sword!
You claw Duvessa!
Duvessa is almost dead.
Duvessa misses you.
You scratch Duvessa but do no damage.
Duvessa is almost dead.
Duvessa hits you with a +0 short sword. Duvessa hits you with a +0 short sword!
You barely miss Duvessa.
Duvessa is almost dead.
Duvessa hits you with a +0 short sword!
* * * LOW HITPOINT WARNING * * *
You scratch Duvessa.
Duvessa is almost dead.
Duvessa hits you with a +0 short sword!
* * * LOW HITPOINT WARNING * * *
You scratch Duvessa but do no damage.
Duvessa is almost dead.
Duvessa misses you. Duvessa hits you with a +0 short sword!
You die...

#.......###.#
###.
#......##
#.## ##
#......# ##.#
# #......#
### #.....##
#.....#
##....#
#....# ##.@.#
#.e.# #.###
#. .# .. ..
#.#


You could see Duvessa (berserk).

Vanquished Creatures
  Sigmund (D:2)
  Menkaure (D:6)
  2 water moccasins
  2 ogres (D:5)
  A phantom (D:5)
  2 centaurs
  3 scorpions
  Dowan (D:7)
  A howler monkey (D:3)
  A hound (D:7)
  4 jellies
  A gnoll bouda (D:5)
  2 orc priests (D:7)
  3 orc wizards
  4 sleepcaps
  An iguana (D:6)
  4 gnolls (D:4)
  6 adders
  A white imp (D:3)
  4 ufetubi
  A worm (D:2)
  A dart slug (D:4)
  11 orcs
  3 endoplasms
  4 giant cockroaches
  8 goblins
  4 hobgoblins
  8 jackals
  5 quokkas
  7 ball pythons
  13 bats
  2 frilled lizards
  A goblin skeleton (D:3)
  2 hobgoblin zombies (D:3)
  9 kobolds
  A kobold skeleton (D:3)
  4 kobold zombies (D:3)
  An orc zombie (D:3)
  7 rats
137 creatures vanquished.

Notes
Turn   | Place    | Note
-------+----------+-------------------------------------------
     0 | D:1      | Pjbond the Ghoul Monk began the quest for the Orb.
     0 | D:1      | Reached XP level 1. HP: 19/19 MP: 0/0
     4 | D:1      | Noticed an anaconda
    49 | D:1      | Reached XP level 2. HP: 25/26 MP: 1/1
   359 | D:1      | Noticed a black mamba
   429 | D:1      | Reached XP level 3. HP: 33/33 MP: 2/2
   533 | D:2      | Found a hide-covered altar of Uskayaw.
   648 | D:2      | Reached skill level 4 in Unarmed Combat
   727 | D:2      | Became a worshipper of Uskayaw the Reveller
   727 | D:2      | Reached * piety under Uskayaw
   826 | D:2      | Noticed Sigmund
   835 | D:2      | Reached ** piety under Uskayaw
   837 | D:2      | Reached *** piety under Uskayaw
   841 | D:2      | Killed Sigmund
   842 | D:2      | Reached skill level 5 in Unarmed Combat
   842 | D:2      | Reached XP level 4. HP: 22/40 MP: 3/3
   842 | D:2      | Reached XP level 5. HP: 25/46 MP: 4/4
  1381 | D:3      | Reached XP level 6. HP: 51/52 MP: 5/5
  1765 | D:3      | Reached skill level 1 in Stealth
  1765 | D:3      | Reached skill level 6 in Unarmed Combat
  2083 | D:4      | Found a staircase to the Ecumenical Temple.
  2109 | D:4      | Found a snail-covered altar of Cheibriados.
  2320 | D:4      | Reached **** piety under Uskayaw
  2723 | D:5      | Entered Level 5 of the Dungeon
  2757 | D:5      | Reached XP level 7. HP: 41/60 MP: 6/6
  2879 | D:5      | Found a radiant altar of Vehumet.
  2934 | D:5      | Found a shimmering altar of Xom.
  3001 | D:5      | Reached skill level 7 in Unarmed Combat
  3411 | D:5      | Reached skill level 8 in Unarmed Combat
  3487 | D:5      | Reached XP level 8. HP: 64/67 MP: 7/7
  4012 | D:6      | Reached skill level 5 in Fighting
  4012 | D:6      | Reached skill level 9 in Unarmed Combat
  4099 | D:6      | Reached skill level 5 in Dodging
  4420 | D:6      | Noticed Menkaure
  4431 | D:6      | Killed Menkaure
  5157 | D:7      | Identified the staff of cold "Imu Ceaca" {rC+ Str+3}
  5192 | D:7      | Reached skill level 10 in Unarmed Combat
  5195 | D:7      | Reached XP level 9. HP: 21/74 MP: 8/8
  5903 | D:7      | Noticed Dowan
  5905 | D:7      | Noticed Duvessa
  5909 | D:7      | Killed Dowan
  5920 | D:7      | HP: 2/74 [Duvessa/+0 short sword (15)]
  5921 | D:7      | Mangled by Duvessa

Illustrated notes

Levels and vault maps discovered:
D:1:      sevenhm_arrival_forest_fort_small_2, layout_rooms,
          minmay_stone_trees_small
D:2:      layout_basic, basic_altar, minmay_cut_off, uniq_sigmund
D:3:      layout_loops_ring, nicolae_tso_besieged_by_evil,
          dreamdust_mushroom_princess, grunt_decor_arrowhead
D:4:      layout_basic, amcnicky_altar_gilded, minmay_temple_entry_overgrown,
          nicolae_grassy_gnolls
D:5:      minmay_opposing_rooms, layout_loops_ring,
          mainiacjoe_overflow_large_starburst, chequers_hall_statues_wall_a
D:6:      layout_gridville, minivault_10, uniq_menkaure
D:7:      layout_cave_pods, uniq_duvessa

Skill      XL: |  1  2  3  4  5  6  7  8 |
---------------+-------------------------+-----
Dodging        | 3 4 5 |  5.3
Unarmed Combat | 5 6 8 10 | 10.3
Fighting       | 4 5 |  5.3
Stealth        | 1 2 3 |  3.7

Action                     |  1- 3 |  4- 6 |  7- 9 || total
---------------------------+-------+-------+-------++-------
  Melee: Unarmed           |    82 |   161 |   167 ||   410
    Use: Scroll            |       |     2 |     1 ||     3
   Stab: Paralysed         |     1 |     1 |     6 ||     8
         Sleeping          |       |     1 |       ||     1
 Armour: Robe              |    26 |    32 |    19 ||    77
  Dodge: Dodged            |    63 |   110 |   128 ||   301
